 Dungeon Crawl Stone Soup version 0.31-a0-325-g067879e3d3 (webtiles) character file.

Game seed: 16445054197666679185

1288 Dittersdorf the Covered (level 8, 0/52 HPs)
             Began as a Gargoyle Fighter on July 18, 2023.
             Was an Initiate of Okawaru.
             Slain by a killer bee (7 damage)
             ... on level 6 of the Dungeon.
             The game lasted 00:05:38 (4800 turns).

Dittersdorf the Covered (Gargoyle Fighter)          Turns: 4800, Time: 00:05:39

Health: 0/52       AC: 19    Str: 28    XL:     8   Next: 55%
Magic:  8/8        EV:  7    Int:  9    God:    Okawaru [......]
Gold:   226        SH:  5    Dex:  9    Spells: 7/7 levels left

rFire   + . .        a - +0 flail
rCold   . . .        c - +0 buckler
rNeg    + . .        h - +0 plate armour
rPois   ∞            (no helmet)
rElec   +            (no cloak)
rCorr   .            (no gloves)
SInv    .            j - +0 pair of boots
Will    .....        (no amulet) Stlth
                     l - +6 ring of strength
HPRegen 0.28/turn    b - ring of protection from fire
MPRegen 0.11/turn

%: no passive effects
@: mighty
A: sickness immunity, AC +5, negative energy resistance 1, electricity
resistance, torment resistance 1, petrification resistance
a: Renounce Religion


You were on level 6 of the Dungeon.
You worshipped Okawaru.
Okawaru was noncommittal.
You visited 2 branches of the dungeon, and saw 7 of its levels.

You collected 226 gold pieces.

Inventory:

Hand Weapons
 a - a +0 flail (weapon)
Armour
 c - a +0 buckler (worn)
 h - a +0 plate armour (worn)
 j - a +0 pair of boots (worn)
Jewellery
 b - a ring of protection from fire (right hand)
 i - a ring of magical power
 l - a +6 ring of strength (left hand)
 q - a +6 ring of intelligence
Scrolls
 e - a scroll of vulnerability {unknown}
 f - 3 scrolls of teleportation
 k - 2 scrolls of blinking
 r - a scroll of fear {unknown}
Potions
 d - a potion of might
 g - a potion of invisibility {unknown}
 m - a potion of magic
 n - a potion of mutation
 o - a potion of curing
 p - 2 potions of heal wounds


   Skills:
 + Level 6.4 Fighting
 + Level 5.3 Maces & Flails
 + Level 6.4 Armour
 + Level 6.3 Shields


You had 7 spell levels left.
You didn't know any spells.
Your spell library contained the following spells:

 Spells                   Type           Power      Damage    Failure   Level
 Ozocubu's Armour         Ice            0%         N/A       100%        3
 Ozocubu's Refrigeration  Ice            0%         4d7       100%        7


Dungeon Overview and Level Annotations

Branches:
Dungeon (6/15)             Temple (1/1) D:5

Altars:
Ashenzari
Elyvilon
Fedhas
Gozag
Kikubaaqudgha
Makhleb
Nemelex Xobeh
Okawaru
Qazlal
Ru
Trog
Uskayaw
Vehumet
Wu Jian
Xom
Yredelemnul
Zin
The Shining One

Shops:
D:4 *

Annotations:
D:5 1 runed translucent door, AwFulAwFulPlayer's ghost, amateur TrMo


Innate Abilities, Weirdness & Mutations

You are immune to sickness and miasma.
Your stone body is resilient. (AC +5)
You are immune to poison.
You resist negative energy. (rN+)
You are resistant to electric shocks. (rElec)
You are resistant to unholy torment.
You are immune to petrification.


Message History

You are too injured to fight recklessly!
You are too injured to fight recklessly!
You are too injured to fight recklessly!
You are too injured to fight recklessly!
You are too injured to fight recklessly!
You are too injured to fight recklessly!
You are too injured to fight recklessly!
You are too injured to fight recklessly!
You are too injured to fight recklessly!
You are too injured to fight recklessly!
You are too injured to fight recklessly!
You are too injured to fight recklessly!
You are too injured to fight recklessly!
You are too injured to fight recklessly!
You feel very mighty all of a sudden. The killer bee stings you.
The killer bee stings you but does no damage.
You closely miss the killer bee. The killer bee stings you.
* * * LOW HITPOINT WARNING * * *
The killer bee stings you but does no damage.
You closely miss the killer bee. You block the killer bee's attack. x2
You hit the killer bee.
The killer bee is moderately wounded.
The killer bee barely misses you. The killer bee closely misses you.
The killer bee stings you but does no damage.
You sock the killer bee!
You kill the killer bee!
Okawaru accepts your kill. The killer bee stings you.
* * * LOW HITPOINT WARNING * * *
You closely miss the killer bee.
The killer bee stings you but does no damage. x2
You miss the killer bee. The killer bee stings you.
* * * LOW HITPOINT WARNING * * *
The killer bee closely misses you. The killer bee stings you.
* * * LOW HITPOINT WARNING * * *
You barely miss the killer bee.
The killer bee stings you but does no damage. x2
You miss the killer bee. The killer bee stings you!
You die...

.......<#
........#
....♣...#
###.♣..†#
#.♣...#
#.♣...#
#.....#
#...### .
#@#.#
yy..#####y#.#
#yy.y...#.#
#.......#.#
#.........#
#.........#
+......._.#
#y........#
+.....(...#


You could see 2 killer bees.

Vanquished Creatures
  A water moccasin (D:4)
  3 black bears
  An ice beast (D:5)
  An ogre (D:4)
  A phantom (D:5)
  2 scorpions (D:5)
  2 killer bees (D:6)
  3 hounds
  A jelly (D:3)
  An orc priest (D:4)
  A sleepcap (D:5)
  3 iguanas
  2 orc wizards
  10 adders
  2 dart slugs
  11 orcs
  2 bats
  4 endoplasms
  2 giant cockroaches
  5 goblins
  2 hobgoblins
  3 jackals (D:1)
  4 kobolds
  3 quokkas
  3 ball pythons
  4 frilled lizards
  2 rats (D:3)
79 creatures vanquished.

Notes
Turn   | Place    | Note
-------+----------+-------------------------------------------
     0 | D:1      | Dittersdorf the Gargoyle Fighter began the quest for the
                  | Orb.
     0 | D:1      | Reached XP level 1. HP: 14/14 MP: 1/1
   233 | D:1      | Reached XP level 2. HP: 19/19 MP: 2/2
   773 | D:2      | Reached XP level 3. HP: 21/24 MP: 3/3
  1175 | D:2      | Found a glowing silver altar of Zin.
  1195 | D:2      | Reached XP level 4. HP: 26/29 MP: 4/4
  1515 | D:3      | Reached XP level 5. HP: 25/33 MP: 5/5
  1728 | D:3      | Noticed a black bear
  1737 | D:3      | Killed a black bear
  1837 | D:3      | Reached XP level 6. HP: 36/39 MP: 6/6
  1990 | D:3      | Found an ornate altar of the Wu Jian Council.
  2137 | D:3      | Found a glowing silver altar of Zin.
  2466 | D:4      | Found a basalt altar of Yredelemnul.
  2887 | D:4      | Found Kazuh's Serpentskin Sales.
  2887 | D:4      | Noticed a water moccasin
  2903 | D:4      | Killed a water moccasin
  2904 | D:4      | Reached skill level 5 in Fighting
  2904 | D:4      | Reached skill level 5 in Armour
  2904 | D:4      | Reached skill level 5 in Shields
  2908 | D:4      | Reached XP level 7. HP: 18/44 MP: 7/7
  3580 | D:5      | Entered Level 5 of the Dungeon
  4034 | D:5      | Found a runed translucent door.
  4059 | D:5      | Reached XP level 8. HP: 51/51 MP: 8/8
  4070 | D:5      | Noticed AwFulAwFulPlayer's ghost (amateur TrMo)
  4143 | D:5      | Found a staircase to the Ecumenical Temple.
  4158 | Temple   | Entered the Ecumenical Temple
  4168 | Temple   | Became a worshipper of Warmaster Okawaru
  4192 | D:5      | Reached skill level 5 in Maces & Flails
  4762 | D:6      | Found an opulent altar of Gozag.
  4800 | D:6      | Slain by a killer bee

Illustrated notes

Levels and vault maps discovered:
D:1:      ncdulo_halloftheorcs, layout_basic
D:2:      layout_basic, basic_altar
D:3:      layout_loops_cross, zin_statuary, pdpol_wu_jian_five_deadly_venoms,
          chequers_serial_rivers_room_a, st_stairs_13, grunt_ministairs_6,
          minmay_misc_feat_alley, due_unseen_surprise
D:4:      layout_basic, mainiacjoe_overflow_paths, guppyfry_shop_venom
D:5:      layout_basic, minmay_temple_entry_stoned_glass,
          hellmonk_ghost_happy_afterlife
D:6:      layout_basic, mainiacjoe_overflow_boulevard, serial_shops,
          nicolae_shop_tiny_real_fake_doors, nicolae_shop_tiny_statue_garden,
          st_stairs_14
Temple:   nicolae_temple_great_sept

Skill      XL: |  1  2  3  4  5  6  7  8 |
---------------+-------------------------+-----
Fighting       | 4 5 6 |  6.4
Armour         | 4 5 6 |  6.4
Shields        | 4 5 6 |  6.3
Maces & Flails | 3 4 5 |  5.3

Action                     |  1- 3 |  4- 6 |  7- 9 || total
---------------------------+-------+-------+-------++-------
  Melee: Flail             |    58 |   118 |   190 ||   366
    Use: Scroll            |       |     4 |     5 ||     9
         Potion            |       |       |     1 ||     1
 Armour: Scale mail        |    33 |    64 |    66 ||   163
         Plate armour      |       |       |    93 ||    93
  Dodge: Dodged            |    18 |    66 |   103 ||   187
  Block: Buckler           |     7 |    24 |    58 ||    89

Table legend: (Time is in decaauts)
 A = Elapsed time spent in this place.
 B = Non-inter-level travel time spent in this place.
 C = Inter-level travel time spent in this place.
 D = Time resting spent in this place.
 E = Time spent auto-exploring this place.
 F = Levels seen in this place.
 G = Mean time per level.
                   A        B        C        D        E       F      G
               +--------+--------+--------+--------+--------+-----+--------+
         Total |   4885 |   4645 |    240 |    365 |   3497 |   7 |  697.9 |
       Dungeon |   4863 |   4641 |    222 |    365 |   3497 |   6 |  810.5 |
        Temple |     21 |      3 |     18 |      0 |      0 |   1 |   21.0 |
               +--------+--------+--------+--------+--------+-----+--------+

Top non-repeatable levels by time:
     D:4: 1289 daAuts
     D:5: 1176 daAuts
     D:3: 852 daAuts
     D:1: 770 daAuts
     D:2: 723 daAuts
     D:6: 52 daAuts
  Temple: 21 daAuts
